 Dungeon Crawl Stone Soup version 0.18-a0-1560-ge216ca8 (webtiles) character file.

734 gorblad the Stinger (level 7, -6/55 HPs)
             Began as a Naga Venom Mage on Mar 12, 2016.
             Was a Follower of Sif Muna.
             Mangled by an orc
             ... wielding a +2 hand axe of electrocution
              (15 damage)
             ... on level 4 of the Dungeon.
             The game lasted 00:16:00 (5039 turns).

gorblad the Stinger (Naga Venom Mage)               Turns: 5039, Time: 00:16:00

Health: -6/55      AC:  5    Str: 10    XL:     7   Next: 74%
Magic:  10/13      EV: 11    Int: 18    God:    Sif Muna [*.....]
Gold:   176        SH:  0    Dex: 11    Spells: 4 memorised, 4 levels left

rFire  . . .     SeeInvis +     t - +3 scythe
rCold  . . .     Gourm    .     u - +0 robe
rNeg   . . .     Faith    .     (shield currently unavailable)
rPois  +         Spirit   .     j - +0 helmet
rElec  .         Dismiss  .     (no cloak)
rCorr  .         Reflect  .     (no gloves)
SustAt +         Harm     .     (no barding)
MR     .....                    (no amulet)
Stlth  ++++......               (no ring)
                                k - ring of sustain attributes

@: very slightly contaminated, very slow, not resistant to hostile enchantments,
stealthy
A: molten scales 1, see invisible, deformed body, poison resistance, slowness 2,
slow metabolism 1, spit poison 2, AC +2
a: Spit Poison, Channel Energy, Renounce Religion


You were on level 4 of the Dungeon.
You worshipped Sif Muna.
Sif Muna was aware of your devotion.
You were not hungry.

You visited 1 branch of the dungeon, and saw 4 of its levels.

You collected 176 gold pieces.

Inventory:

Hand Weapons
 t - a +3 scythe (weapon)
Armour
 a - a +0 robe
 j - a +0 helmet (worn)
 u - a +0 robe (worn)
Jewellery
 d - a +2 ring of protection {unknown}
 k - a ring of sustain attributes (left hand)
 m - a +2 ring of strength
 p - a +2 ring of strength
 s - an uncursed ring of poison resistance {unknown}
Scrolls
 g - a scroll of magic mapping
 o - 2 scrolls of teleportation
 q - 2 scrolls of remove curse
 r - a scroll of identify
 x - a scroll of noise {unknown}
Potions
 e - 2 potions of brilliance
 f - 2 potions of might
 n - 2 potions of degeneration {unknown}
 w - a potion of berserk rage {unknown}
Books
 b - a Young Poisoner's Handbook

   Spells                             Type                      Level
   a - Sting                          Conjuration/Poison           1
   b - Cure Poison                    Poison                       2
   c - Mephitic Cloud                 Conjuration/Poison/Air       3
   d - Olgreb's Toxic Radiance        Poison                       4
   e - Venom Bolt                     Conjuration/Poison           5
Comestibles
 c - 5 bread rations
 h - 2 meat rations
 i - a royal jelly
 l - a beef jerky
 v - 6 chunks of flesh


   Skills:
 + Level 3.7 Dodging
 + Level 6.9 Stealth
 + Level 4.2 Spellcasting
 + Level 7.6 Poison Magic


You had 4 spell levels left.
You knew the following spells:

 Your Spells              Type           Power        Failure   Level  Hunger
a - Sting                 Conj/Pois      ###.         3%          1    None
b - Cure Poison           Pois           ####......   1%          2    ##.....
c - Mephitic Cloud        Conj/Pois/Air  ##......     17%         3    ###....
d - Olgreb's Toxic Radia  Pois           ####....     8%          4    ####...


Dungeon Overview and Level Annotations

Branches:
Dungeon (4/15)
 Temple: D:4-7

Altars:
Kikubaaqudgha
Nemelex Xobeh
Okawaru
Sif Muna
Trog


Innate Abilities, Weirdness & Mutations

You cannot wear boots.
Your serpentine skin is tough (AC +2).
You have supernaturally acute eyesight.
Armour fits poorly on your strangely shaped body.
Your system is resistant to poisons.
You cover ground very slowly.
You have a slow metabolism.
You can spit poison.
You are partially covered in molten scales (AC +1).


Message History

You barely miss the orc.
The orc is severely wounded.
The orc hits you with a hand axe of electrocution. x2
You are electrocuted!
* * * LOW HITPOINT WARNING * * *
You are too injured to fight recklessly!
Casting: Sting
Confirm with . or Enter, or press ? or * to list all spells.
Aiming: Sting
Press: ? - help, Shift-Dir - straight line, f/p - orc
Aim: an orc, wielding a hand axe of electrocution and wearing a chain mail (severely wounded)
The sting hits the orc.
The orc appears unharmed.
The orc is severely wounded.
The orc hits you with a hand axe of electrocution.
* * * LOW HITPOINT WARNING * * *
You are too injured to fight recklessly!
You closely miss the orc.
The orc is severely wounded.
The orc hits you but does no damage.
You are electrocuted!
You die...

#........)...## #.###.###.#
.##########.## #.........# #.#
#####.##### #.# ##.## ##'##
#...# ##...## #..## #. ##
##.....## ##.##
#..#.######....o..## ##..# ##
#.......##.....@...####...#####.
#.......'.........'.....[......
#....#.##.........####...#####.
..# #.###.......## ##..# #. #.#
##.....## ##.# #. ##.# ##...##
#########. #).# ##'## #8#8#8#8#.
#.## #.# ###.#.#.#.#. #.# #.#
#...........


You could see an orc.

Vanquished Creatures
  Sigmund (D:3)
  A black bear (D:4)
  2 ogres (D:4)
  A giant frog skeleton (D:4)
  An orc wizard (D:4)
  A centaur skeleton (D:4)
  2 iguanas
  Natasha (D:4)
  A worker ant (D:4)
  3 adders
  A gnoll (D:2)
  2 oozes
  A worm (D:3)
  2 dart slugs
  4 giant geckos
  8 orcs (D:4)
  3 ball pythons
  5 giant cockroaches
  8 goblins
  12 hobgoblins
  5 jackals
  A quokka (D:2)
  4 bats
  3 giant newts
  6 kobolds
  4 rats (D:1)
83 creatures vanquished.

Notes
Turn   | Place    | Note
--------------------------------------------------------------
     0 | D:1      | gorblad the Naga Venom Mage began the quest for the Orb.
     0 | D:1      | Reached XP level 1. HP: 15/15 MP: 3/3
   391 | D:1      | Reached XP level 2. HP: 22/22 MP: 3/5
  1232 | D:1      | HP: 1/22 [ooze (3)]
  1237 | D:1      | Reached XP level 3. HP: 2/28 MP: 0/6
  1794 | D:1      | Learned a level 2 spell: Cure Poison
  1798 | D:1      | Learned a level 3 spell: Mephitic Cloud
  2061 | D:2      | Reached XP level 4. HP: 36/36 MP: 0/8
  2922 | D:3      | Gained mutation: You are partially covered in molten scales (AC +1). [potion of beneficial mutation]
  2946 | D:3      | Found an ancient bone altar of Kikubaaqudgha.
  3014 | D:3      | Reached skill level 6 in Poison Magic
  3358 | D:3      | Found a bloodstained altar of Trog.
  3398 | D:3      | Found a deep blue altar of Sif Muna.
  3467 | D:3      | Became a worshipper of Sif Muna the Loreminder
  3637 | D:3      | Found a sparkling altar of Nemelex Xobeh.
  3638 | D:3      | Noticed Sigmund
  3646 | D:3      | Killed Sigmund
  3646 | D:3      | Reached skill level 5 in Stealth
  3646 | D:3      | Reached XP level 5. HP: 38/42 MP: 0/9
  3646 | D:3      | Reached XP level 6. HP: 44/49 MP: 0/10
  3894 | D:3      | Found an iron altar of Okawaru.
  4000 | D:3      | Learned a level 4 spell: Olgreb's Toxic Radiance
  4109 | D:4      | Noticed a black bear
  4126 | D:4      | Killed a black bear
  4126 | D:4      | Reached skill level 7 in Poison Magic
  4241 | D:4      | Reached XP level 7. HP: 19/55 MP: 3/12
  4751 | D:4      | Reached * piety under Sif Muna
  4965 | D:4      | Noticed Natasha
  4970 | D:4      | Killed Natasha
  5039 | D:4      | Mangled by an orc

Vault maps used:
D:1:      ncdulo_wetmaze, minivault_4
D:2:      minmay_door_path, first_bread, serial_bayou_lake_a
D:3:      nicolae_overflow_hidden_temple, marbit_many_paths,
          kiku_gazebo_pond_becter, lemuel_round_altar, bloody_trog, uniq_sigmund
D:4:      temple_doors_c, minmay_misc_feat_hallway, uniq_natasha

Skill      XL: |  1  2  3  4  5  6  7 |
---------------+----------------------+-----
Dodging        | 2 3 |  3.7
Stealth        | 4 5 6 |  6.9
Poison Magic   | 6 7 |  7.6
Spellcasting   | 3 4 |  4.2

Action                   |  1- 3 |  4- 6 |  7- 9 || total
-------------------------+-------+-------+-------++-------
Melee: Unarmed           |    64 |    65 |       ||   129
       Scythe            |       |    21 |    24 ||    45
 Cast: Sting             |    65 |    71 |    43 ||   179
       Mephitic Cloud    |     3 |    10 |     4 ||    17
       Cure Poison       |       |     1 |       ||     1
  Use: Scroll            |     3 |    10 |       ||    13
       Potion            |       |     1 |       ||     1
 Stab: Confused          |       |       |     2 ||     2
  Eat: Chunk             |     3 |     3 |     2 ||     8
       Bread ration      |       |     1 |       ||     1
